 Dungeon Crawl Stone Soup version 0.21-a0-442-g848f44b (webtiles) character file.

1339 mattiecakes the Shield-Bearer (level 8, -4/67 HPs)
             Began as a Gnoll Fighter on Nov 17, 2017.
             Was a Follower of Trog.
             Slain by an orc warrior
             ... wielding a +0 hand axe
              (17 damage)
             ... on level 6 of the Dungeon.
             The game lasted 00:07:37 (4748 turns).

mattiecakes the Shield-Bearer (Gnoll Fighter)       Turns: 4748, Time: 00:07:37

Health: -4/67      AC: 12    Str: 21    XL:     8   Next: 61%
Magic:  13/13      EV: 10    Int: 16    God:    Trog [*.....]
Gold:   258        SH: 11    Dex: 15    Spells: 13/13 levels left

rFire    + . .     SeeInvis .   a - +0 war axe
rCold    . . .     Gourm    .   c - +0 shield
rNeg     . . .     Faith    .   b - +0 scale mail
rPois    .         Spirit   .   (no helmet)
rElec    .         Reflect  .   (no cloak)
rCorr    .         Harm     .   g - +1 pair of gloves
MR       .....     Rnd*Tele +   (no boots)
Stlth    +.........             (no amulet)
HPRegen  0.21/turn              u - +6 ring of intelligence
MPRegen  0.13/turn              q - ring of protection from fire

@: no status effects
A: distributed training, fangs 1, molten scales 1, teleportitis 1, strong nose
a: Berserk, Burn Spellbooks, Renounce Religion


You were on level 6 of the Dungeon.
You worshipped Trog.
Trog was aware of your devotion.
You were not hungry.

You visited 1 branch of the dungeon, and saw 6 of its levels.
You also visited: Sewer.

You collected 258 gold pieces.

Inventory:

Hand Weapons
 a - a +0 war axe (weapon)
Armour
 b - a +0 scale mail (worn)
 c - a +0 shield (worn)
 g - a +1 pair of gloves (worn)
Jewellery
 m - an uncursed ring of resist corrosion
 q - a ring of protection from fire (right hand)
 u - a +6 ring of intelligence (left hand)
Wands
 v - a wand of digging (12/24)
 H - a wand of random effects (28/48)
Scrolls
 e - 2 scrolls of teleportation {unknown}
 h - 3 scrolls of enchant weapon {unknown}
 i - a scroll of recharging {unknown}
 n - 4 scrolls of identify {unknown}
 o - a scroll of enchant armour {unknown}
 y - 2 scrolls of magic mapping {unknown}
 A - 4 scrolls of remove curse {unknown}
 B - a scroll of random uselessness {unknown}
 C - 2 scrolls of immolation {unknown}
Potions
 d - a potion of might
 j - a potion of resistance
 k - 3 potions of invisibility
 l - a potion of flight
 p - a potion of heal wounds
 D - 2 potions of cancellation
 E - a potion of curing
Books
 F - a book of Misfortune

   Spells                             Type                      Level
   a - Confusing Touch                Hexes                        1
   b - Confuse                        Hexes                        3
   c - Gell's Gravitas                Translocation                3
   d - Petrify                        Transmutation/Earth          4
   e - Metabolic Englaciation         Hexes/Ice                    5
   f - Yara's Violent Unravelling     Hexes/Transmutation          5
   Trog disapproves of the use of such an item.
 I - the Reference Book on Hexes and Augmentations
   (You found it on level 5 of the Dungeon)

   Spells                             Type                      Level
   a - Song of Slaying                Charms                       2
   b - Tukima's Dance                 Hexes                        3
   c - Fulminant Prism                Conjuration/Hexes            4
   d - Excruciating Wounds            Charms/Necromancy            5
   e - Darkness                       Hexes                        6
   Trog disapproves of the use of such an item.
Comestibles
 f - 2 bread rations
 t - a fruit


   Skills:
 + Level 7.4 Fighting
 + Level 3.3 Short Blades
 + Level 3.3 Long Blades
 + Level 5.7 Axes
 + Level 3.3 Maces & Flails
 + Level 3.3 Polearms
 + Level 3.3 Staves
 + Level 3.3 Slings
 + Level 3.3 Bows
 + Level 3.3 Crossbows
 + Level 3.3 Throwing
 + Level 7.4 Armour
 + Level 3.3 Dodging
 + Level 3.3 Stealth
 + Level 7.4 Shields
 + Level 3.3 Unarmed Combat
 + Level 3.3 Spellcasting
 + Level 2.7 Conjurations
 + Level 2.7 Hexes
 + Level 2.7 Charms
 + Level 2.7 Summonings
 + Level 2.7 Necromancy
 + Level 2.7 Translocations
 + Level 2.7 Transmutations
 + Level 2.7 Fire Magic
 + Level 2.7 Ice Magic
 + Level 2.7 Air Magic
 + Level 2.7 Earth Magic
 + Level 2.7 Poison Magic
 + Level 3.7 Invocations
 + Level 3.3 Evocations


You had 13 spell levels left.
You didn't know any spells.

Dungeon Overview and Level Annotations

Branches:
Dungeon (6/15)
 Temple: D:4-7

Altars:
Ashenzari
Kikubaaqudgha
Qazlal
Ru
Sif Muna
Trog
Vehumet
Xom
Zin
The Shining One

Annotations:
D:5 exclusion: statue


Innate Abilities, Weirdness & Mutations

Your experience applies equally to all skills.
You have very sharp teeth.
Your uncanny sense of smell can sniff out nearby items.
You are partially covered in molten scales. (AC +2)
You are occasionally teleported next to monsters.


Message History

You kill the orc wizard!
Trog accepts your kill.
Trog appreciates your killing of a magic user.
The orc warrior throws a tomahawk.
The tomahawk barely misses you.
The orc warrior hits you with a hand axe!
Things that are here:
a dagger of venom; a robe; an orc corpse You slash the orc!
You kill the orc!
Trog accepts your kill.
You barely miss the orc warrior.
The orc warrior hits you with a hand axe!
* * * LOW HITPOINT WARNING * * *
You hit the orc warrior.
The orc warrior is heavily wounded.
The orc warrior closely misses you.
You closely miss the orc warrior.
The orc warrior is heavily wounded.
The orc warrior hits you with a hand axe!
You die...

∆ ?...... ..........
.#. ..........
###.... .........#
####.(..# .........
####)@..#
........####.%.o####
........##..(#.##
...........##..#
........####....#
....#..## #.....#
...##.## #......# #
...#..# #.......# ##
..##..# #.......#
##.


You could see an orc warrior.

Vanquished Creatures
  Grinder (D:3)
  A centaur (D:5)
  2 bullfrogs (Sewer)
  4 crimson imps (D:5)
  An orc priest (D:5)
  A hound (D:5)
  An iguana (D:4)
  A centaur skeleton (D:5)
  10 orc wizards
  A worker ant (D:4)
  A worker ant zombie (D:5)
  6 gnolls (D:5)
  7 adders
  5 river rats (D:3)
  A shadow imp (D:4)
  9 oozes
  7 worms
  A dart slug (D:1)
  6 leopard geckos
  18 orcs
  7 giant cockroaches
  11 goblins
  5 hobgoblins
  5 jackals
  3 quokkas
  17 ball pythons
  5 bats
  15 frilled lizards
  A jackal skeleton (D:4)
  A jackal zombie (D:5)
  11 kobolds
  6 rats
171 creatures vanquished.

Notes
Turn   | Place    | Note
-------+----------+-------------------------------------------
     0 | D:1      | mattiecakes the Gnoll Fighter began the quest for the Orb.
     0 | D:1      | Reached XP level 1. HP: 23/23 MP: 1/1
   307 | D:1      | Reached XP level 2. HP: 29/29 MP: 2/2
   662 | D:2      | Reached XP level 3. HP: 35/35 MP: 3/3
   729 | D:2      | Found a stormy altar of Qazlal.
   788 | D:2      | Reached skill level 1 in Invocations
   808 | D:2      | Found a glowing golden altar of the Shining One.
  1169 | D:3      | Noticed Grinder
  1176 | D:3      | Reached skill level 1 in Short Blades
  1176 | D:3      | Reached skill level 1 in Long Blades
  1176 | D:3      | Reached skill level 1 in Maces & Flails
  1176 | D:3      | Reached skill level 1 in Polearms
  1176 | D:3      | Reached skill level 1 in Staves
  1176 | D:3      | Reached skill level 1 in Slings
  1176 | D:3      | Reached skill level 1 in Bows
  1176 | D:3      | Reached skill level 1 in Crossbows
  1176 | D:3      | Reached skill level 1 in Throwing
  1176 | D:3      | Reached skill level 1 in Dodging
  1176 | D:3      | Reached skill level 1 in Stealth
  1176 | D:3      | Reached skill level 1 in Unarmed Combat
  1176 | D:3      | Reached skill level 1 in Spellcasting
  1176 | D:3      | Reached skill level 1 in Evocations
  1178 | D:3      | Reached XP level 4. HP: 39/41 MP: 5/5
  1186 | D:3      | Reached skill level 1 in Conjurations
  1186 | D:3      | Reached skill level 1 in Hexes
  1186 | D:3      | Reached skill level 1 in Charms
  1186 | D:3      | Reached skill level 1 in Summonings
  1186 | D:3      | Reached skill level 1 in Necromancy
  1186 | D:3      | Reached skill level 1 in Translocations
  1186 | D:3      | Reached skill level 1 in Transmutations
  1186 | D:3      | Reached skill level 1 in Fire Magic
  1186 | D:3      | Reached skill level 1 in Ice Magic
  1186 | D:3      | Reached skill level 1 in Air Magic
  1186 | D:3      | Reached skill level 1 in Earth Magic
  1186 | D:3      | Reached skill level 1 in Poison Magic
  1186 | D:3      | Reached XP level 5. HP: 47/47 MP: 6/6
  1186 | D:3      | Paralysed by Grinder for 3 turns
  1198 | D:3      | Paralysed by Grinder for 5 turns
  1207 | D:3      | Killed Grinder
  1207 | D:3      | Reached XP level 6. HP: 51/53 MP: 6/8
  1244 | D:3      | Reached skill level 5 in Axes
  1422 | D:3      | Found a glowing drain.
  1429 | Sewer    | Entered a sewer
  1599 | Sewer    | Reached XP level 7. HP: 52/59 MP: 10/10
  2118 | D:3      | Found a shattered altar of Ashenzari.
  2122 | D:3      | Saw a vision of the Shoals and the Spider Nest.
  2122 | D:3      | Noticed a wolf spider
  2122 | D:3      | Noticed a wolf spider
  2122 | D:3      | Noticed a redback
  2122 | D:3      | Noticed a hornet
  2122 | D:3      | Noticed a merfolk
  2122 | D:3      | Noticed a merfolk
  2122 | D:3      | Noticed a merfolk
  2122 | D:3      | Noticed a merfolk
  2122 | D:3      | Noticed a hippogriff
  2122 | D:3      | Noticed a merfolk siren
  2122 | D:3      | Noticed a merfolk
  2122 | D:3      | Noticed a merfolk
  2122 | D:3      | Noticed a sea snake
  2123 | D:3      | Noticed a sea snake
  2124 | D:3      | Noticed a redback
  2320 | D:4      | Found a shimmering altar of Xom.
  2391 | D:4      | Found a shimmering altar of Xom.
  2393 | D:4      | Found a shimmering altar of Xom.
  2592 | D:4      | Found a sacrificial altar of Ru.
  2694 | D:4      | Found a shimmering altar of Xom.
  2994 | D:5      | Entered Level 5 of the Dungeon
  3053 | D:5      | Reached XP level 8. HP: 67/67 MP: 12/12
  3863 | D:5      | Identified the Reference Book on Hexes and Augmentations
  4000 | D:5      | Found a glowing silver altar of Zin.
  4000 | D:5      | Found a shattered altar of Ashenzari.
  4005 | D:5      | Found a deep blue altar of Sif Muna.
  4007 | D:5      | Found an ancient bone altar of Kikubaaqudgha.
  4009 | D:5      | Found a faded altar of an unknown god.
  4052 | D:5      | Became a worshipper of Trog the Wrathful
  4052 | D:5      | Reached * piety under Trog
  4075 | D:5      | Found a radiant altar of Vehumet.
  4264 | D:5      | Gained mutation: You are occasionally teleported next to monsters. [potion of mutation]
  4264 | D:5      | Gained mutation: You are partially covered in molten scales. (AC +2) [potion of mutation]
  4748 | D:6      | Slain by an orc warrior

Vault maps used:
D:1:      shiori_shiawase, serial_bayou_pond_c
D:2:      nicolae_qazlal_general_emergency, nicolae_overflow_hidden_temple,
          first_bread, minmay_box_of_dots
D:3:      lightli_sewer_entry_pipes, grunt_ashenzari_visionary, uniq_grinder
D:4:      xom_redecorated, nicolae_ru_the_path_less_chosen
D:5:      chequers_temple_overflow_minitemple, vehumet_statue,
          minmay_door_square, minmay_a_box_with_orc_wizards_in_it
D:6:      serial_shops, nicolae_shop_temple_entry_statues_fountains,
          lightli_ossuary_entry_decrepit_ruins, minmay_misc_feat_x,
          uniq_menkaure
Sewer:    sewer_frog_island_02

Skill      XL: |  1  2  3  4  5  6  7  8 |
---------------+-------------------------+-----
Invocations    | 1 2 3 |  3.7
Short Blades   | 1 2 3 |  3.3
Long Blades    | 1 2 3 |  3.3
Maces & Flails | 1 2 3 |  3.3
Polearms       | 1 2 3 |  3.3
Staves         | 1 2 3 |  3.3
Slings         | 1 2 3 |  3.3
Bows           | 1 2 3 |  3.3
Crossbows      | 1 2 3 |  3.3
Throwing       | 1 2 3 |  3.3
Dodging        | 1 2 3 |  3.3
Stealth        | 1 2 3 |  3.3
Unarmed Combat | 1 2 3 |  3.3
Spellcasting   | 1 2 3 |  3.3
Evocations     | 1 2 3 |  3.3
Conjurations   | 1 2 |  2.7
Hexes          | 1 2 |  2.7
Charms         | 1 2 |  2.7
Summonings     | 1 2 |  2.7
Necromancy     | 1 2 |  2.7
Translocations | 1 2 |  2.7
Transmutations | 1 2 |  2.7
Fire Magic     | 1 2 |  2.7
Ice Magic      | 1 2 |  2.7
Air Magic      | 1 2 |  2.7
Earth Magic    | 1 2 |  2.7
Poison Magic   | 1 2 |  2.7
Axes           | 5 |  5.7
Fighting       | 7 |  7.4
Armour         | 7 |  7.4
Shields        | 7 |  7.4

Action                   |  1- 3 |  4- 6 |  7- 9 || total
-------------------------+-------+-------+-------++-------
Melee: War axe           |   103 |   142 |   269 ||   514
       Bite              |    15 |     7 |    39 ||    61
  Use: Potion            |     1 |       |    14 ||    15
  Eat: Chunk             |       |     3 |     4 ||     7
       Bread ration      |       |       |     2 ||     2
Armor: Scale mail        |    43 |    91 |   121 ||   255
Dodge: Dodged            |    33 |    67 |   117 ||   217
Block: Shield            |    58 |   122 |   188 ||   368

Table legend:
 A = Spawn XP
 B = Non-spawn XP
 C = Spawn XP percentage of total XP
 D = Spawn monster count
 E = Non-spawn monster count
 F = Spawn count percentage of total count
 G = Total turns spent on level
                    A         B        C        D         E        F      G
               +---------+---------+-------+---------+---------+-------+---------
         Total |       0 |    1914 |   0.0 |       0 |     171 |   0.0 |  4748
               +---------+---------+-------+---------+---------+-------+---------
           D:1 |       0 |      33 |   0.0 |       0 |      21 |   0.0 |   657
           D:2 |       0 |      33 |   0.0 |       0 |      15 |   0.0 |   512
           D:3 |       0 |     540 |   0.0 |       0 |      44 |   0.0 |   727
           D:4 |       0 |     124 |   0.0 |       0 |      11 |   0.0 |   805
           D:5 |       0 |     797 |   0.0 |       0 |      28 |   0.0 |  1583
           D:6 |       0 |      43 |   0.0 |       0 |       3 |   0.0 |   171
         Sewer |       0 |     344 |   0.0 |       0 |      49 |   0.0 |   293
               +---------+---------+-------+---------+---------+-------+---------
